[ PARTIDA AOE2 · #471173833 ]
UnrankedSicilianos vs Mongols
[ ANÁLISIS DE REPETICIÓN · EXTRAÍDO DE LA PARTIDA GRABADA ]
Feudal
47:27
Castillos
54:16
Imperial
61:38
| APM promedio | 12.9 |
| APM pico | 38 |
| eAPM promedio | 12.6 |
| Aldeanos / militares | 140 / 6 |
Foco
⚔️ 2.8% · 🌾 97.2%
Trade Cart ×41 · Mangonel ×6
Feudal
44:56
Castillos
54:02
Imperial
59:14
| APM promedio | 21.5 |
| APM pico | 91 |
| eAPM promedio | 20.6 |
| Aldeanos / militares | 174 / 21 |
Foco
⚔️ 4.7% · 🌾 95.3%
Trade Cart ×72 · Mangudai ×14 · Mangonel ×7
Feudal
—
Castillos
—
Imperial
—
| APM promedio | 1.0 |
| APM pico | 17 |
| eAPM promedio | 1.0 |
| Aldeanos / militares | 9 / 0 |
Foco
⚔️ 0.0% · 🌾 100.0%
Feudal
60:05
Castillos
66:30
Imperial
70:05
| APM promedio | 14.9 |
| APM pico | 127 |
| eAPM promedio | 14.1 |
| Aldeanos / militares | 104 / 11 |
Foco
⚔️ 4.2% · 🌾 95.8%
Trade Cart ×48 · Mangonel ×11
Feudal
54:26
Castillos
61:45
Imperial
76:44
| APM promedio | 9.0 |
| APM pico | 93 |
| eAPM promedio | 8.5 |
| Aldeanos / militares | 73 / 6 |
Foco
⚔️ 3.8% · 🌾 96.2%
Trade Cart ×17 · Mangonel ×6
Feudal
41:36
Castillos
48:13
Imperial
57:39
| APM promedio | 16.9 |
| APM pico | 111 |
| eAPM promedio | 15.9 |
| Aldeanos / militares | 142 / 82 |
Foco
⚔️ 4.7% · 🌾 95.3%
Eagle Scout ×77 · Trade Cart ×72 · Mangonel ×4 · Militia ×1
Feudal
36:40
Castillos
41:11
Imperial
47:15
| APM promedio | 25.1 |
| APM pico | 110 |
| eAPM promedio | 18.1 |
| Aldeanos / militares | 172 / 33 |
Foco
⚔️ 30.1% · 🌾 69.9%
Trade Cart ×124 · Monk ×27 · Mangonel ×6
Feudal
—
Castillos
—
Imperial
—
| APM promedio | 3.7 |
| APM pico | 24 |
| eAPM promedio | 3.4 |
| Aldeanos / militares | 42 / 0 |
Foco
⚔️ 6.4% · 🌾 93.6%
Mapa de la partida
Recursos iniciales + cada clic de construcción. Líneas = muros · curvas = relieve. ◆ oro · ⬟ piedra · ● bayas · ✦ reliquia · ◌ hueco del cierre
Tu base· ✓ Separados por el mapa
Base de SideTrak· ✓ Separados por el mapa
Base de Erickcheckm8· ✓ Separados por el mapa
Base de fonsejua· ✓ Separados por el mapa
Base de Tovar086· ✓ Separados por el mapa
Base de CastleAge· ✓ Separados por el mapa
Base de Feid· ✓ Separados por el mapa
Base de Kinggz· ✓ Separados por el mapa
Terreno inicial suavizado · ◌ = hueco del cierre detectado · pasá el cursor para detalles
Inputs por minuto
— Brushstroke - - SideTrak
Build order — Brushstroke
Primeras 150 de 315 acciones detectadas
| 0:09 | Crear | Villager (Male) |
| 0:10 | Crear | Villager (Male) |
| 0:10 | Crear | Villager (Male) |
| 0:10 | Crear | Villager (Male) |
| 0:11 | Crear | Villager (Male) |
| 2:33 | Construir | House |
| 3:30 | Construir | Mill |
| 7:51 | Construir | Farm |
| 10:42 | Construir | House |
| 10:50 | Crear | Villager (Male) |
| 10:50 | Crear | Villager (Male) |
| 13:00 | Crear | Villager (Male) |
| 13:00 | Crear | Villager (Male) |
| 15:16 | Crear | Villager (Male) |
| 15:39 | Construir | House |
| 17:08 | Construir | Farm |
| 17:52 | Crear | Villager (Male) |
| 17:52 | Crear | Villager (Male) |
| 19:11 | Crear | Villager (Male) |
| 20:16 | Crear | Villager (Male) |
| 20:16 | Crear | Villager (Male) |
| 21:49 | Crear | Villager (Male) |
| 21:50 | Crear | Villager (Male) |
| 23:15 | Construir | House |
| 23:23 | Crear | Villager (Male) |
| 23:24 | Crear | Villager (Male) |
| 24:13 | Crear | Villager (Male) |
| 24:13 | Crear | Villager (Male) |
| 24:21 | Construir | Farm |
| 25:36 | Crear | Villager (Male) |
| 26:18 | Crear | Villager (Male) |
| 26:18 | Crear | Villager (Male) |
| 26:53 | Crear | Villager (Male) |
| 28:17 | Crear | Villager (Male) |
| 28:17 | Crear | Villager (Male) |
| 28:51 | Crear | Villager (Male) |
| 28:51 | Crear | Villager (Male) |
| 29:19 | Construir | House |
| 30:09 | Crear | Villager (Male) |
| 30:10 | Crear | Villager (Male) |
| 30:35 | Construir | Farm |
| 30:49 | Crear | Villager (Male) |
| 30:50 | Crear | Villager (Male) |
| 31:20 | Crear | Villager (Male) |
| 31:20 | Crear | Villager (Male) |
| 32:09 | Crear | Villager (Male) |
| 32:10 | Crear | Villager (Male) |
| 35:54 | Construir | Farm |
| 36:03 | Construir | Farm |
| 36:33 | Construir | House |
| 37:18 | Crear | Villager (Male) |
| 37:19 | Crear | Villager (Male) |
| 37:19 | Crear | Villager (Male) |
| 37:20 | Crear | Villager (Male) |
| 37:21 | Crear | Villager (Male) |
| 38:32 | Construir | House |
| 38:39 | Construir | Farm |
| 38:47 | Crear | Villager (Male) |
| 38:47 | Crear | Villager (Male) |
| 38:48 | Crear | Villager (Male) |
| 38:49 | Crear | Villager (Male) |
| 38:49 | Crear | Villager (Male) |
| 42:49 | Construir | Farm |
| 43:28 | Construir | Lumber Camp |
| 44:04 | Construir | Mill |
| 45:17 | Investigar | Feudal Age |
| 45:18 | Investigar | Feudal Age |
| 47:27 | Edad | Edad Feudal |
| 47:40 | Investigar | Double-Bit Axe |
| 47:44 | Investigar | Horse Collar |
| 48:44 | Construir | Market |
| 49:04 | Construir | Farm |
| 49:26 | Investigar | Wheelbarrow |
| 49:40 | Construir | Lumber Camp |
| 49:46 | Construir | House |
| 50:24 | Construir | Blacksmith |
| 51:36 | Investigar | Castle Age |
| 53:14 | Construir | Farm |
| 54:15 | Construir | Farm |
| 54:16 | Edad | Edad de los Castillos |
| 54:35 | Construir | Siege Workshop |
| 54:51 | Investigar | Bow Saw |
| 54:56 | Crear | Villager (Male) |
| 55:39 | Construir | Lumber Camp |
| 56:12 | Construir | Farm |
| 56:59 | Crear | Villager (Male) |
| 57:42 | Construir | Monastery |
| 57:56 | Crear | Villager (Male) |
| 58:16 | Construir | Mill |
| 58:28 | Investigar | Imperial Age |
| 58:44 | Crear | Villager (Male) |
| 59:02 | Investigar | Heavy Plow |
| 60:47 | Crear | Mangonel |
| 60:54 | Construir | Farm |
| 61:04 | Construir | Farm |
| 61:16 | Construir | Lumber Camp |
| 61:38 | Edad | Edad Imperial |
| 61:39 | Construir | Lumber Camp |
| 61:56 | Construir | Farm |
| 62:12 | Construir | Mill |
| 62:23 | Crear | Villager (Male) |
| 62:28 | Investigar | Hand Cart |
| 62:36 | Construir | House |
| 63:25 | Crear | Villager (Male) |
| 63:25 | Crear | Villager (Male) |
| 63:26 | Crear | Villager (Male) |
| 63:59 | Investigar | Crop Rotation |
| 64:05 | Construir | Farm |
| 64:32 | Crear | Villager (Male) |
| 65:09 | Crear | Villager (Male) |
| 65:25 | Construir | House |
| 65:53 | Investigar | Guilds |
| 66:01 | Crear | Villager (Male) |
| 66:02 | Crear | Villager (Male) |
| 66:18 | Crear | Villager (Male) |
| 66:37 | Crear | Villager (Male) |
| 66:59 | Construir | Lumber Camp |
| 67:11 | Construir | House |
| 67:22 | Construir | Farm |
| 68:06 | Construir | Farm |
| 68:14 | Crear | Villager (Male) |
| 68:15 | Crear | Villager (Male) |
| 68:27 | Construir | Lumber Camp |
| 68:46 | Construir | Farm |
| 68:56 | Crear | Villager (Male) |
| 69:25 | Crear | Villager (Male) |
| 69:45 | Investigar | Onager (upgrade) |
| 70:00 | Construir | House |
| 70:25 | Crear | Villager (Male) |
| 71:19 | Construir | Lumber Camp |
| 71:30 | Construir | Farm |
| 72:54 | Construir | Town Center |
| 73:13 | Crear | Mangonel |
| 73:14 | Crear | Mangonel |
| 73:21 | Crear | Villager (Male) |
| 73:21 | Crear | Villager (Male) |
| 73:22 | Crear | Villager (Male) |
| 73:22 | Crear | Villager (Male) |
| 73:37 | Construir | Farm |
| 74:01 | Investigar | Loom |
| 74:02 | Crear | Villager (Male) |
| 74:02 | Crear | Villager (Male) |
| 74:03 | Crear | Villager (Male) |
| 74:03 | Crear | Villager (Male) |
| 74:39 | Crear | Villager (Male) |
| 74:40 | Crear | Villager (Male) |
| 74:41 | Crear | Villager (Male) |
| 74:41 | Crear | Villager (Male) |
| 74:41 | Crear | Villager (Male) |
| 74:42 | Crear | Villager (Male) |
Build order — SideTrak
Primeras 150 de 505 acciones detectadas
| 0:06 | Crear | Villager (Male) |
| 0:07 | Crear | Villager (Male) |
| 0:07 | Crear | Villager (Male) |
| 0:08 | Crear | Villager (Male) |
| 2:24 | Construir | House |
| 7:05 | Construir | Mill |
| 7:30 | Construir | Farm |
| 8:37 | Construir | House |
| 10:19 | Crear | Villager (Male) |
| 12:37 | Crear | Villager (Male) |
| 14:27 | Construir | House |
| 15:02 | Crear | Villager (Male) |
| 15:18 | Construir | Farm |
| 17:03 | Crear | Villager (Male) |
| 18:45 | Crear | Villager (Male) |
| 19:21 | Crear | Villager (Male) |
| 20:01 | Construir | House |
| 20:35 | Crear | Villager (Male) |
| 21:44 | Crear | Villager (Male) |
| 22:47 | Crear | Villager (Male) |
| 23:57 | Crear | Villager (Male) |
| 25:36 | Crear | Villager (Male) |
| 25:43 | Construir | Farm |
| 26:41 | Crear | Villager (Male) |
| 27:31 | Crear | Villager (Male) |
| 28:01 | Construir | House |
| 28:15 | Crear | Villager (Male) |
| 29:05 | Crear | Villager (Male) |
| 30:19 | Crear | Villager (Male) |
| 31:10 | Crear | Villager (Male) |
| 31:28 | Crear | Villager (Male) |
| 32:05 | Construir | House |
| 32:24 | Crear | Villager (Male) |
| 33:10 | Crear | Villager (Male) |
| 34:10 | Crear | Villager (Male) |
| 35:26 | Crear | Villager (Male) |
| 35:44 | Crear | Villager (Male) |
| 36:22 | Construir | Farm |
| 36:37 | Crear | Villager (Male) |
| 36:44 | Construir | House |
| 37:28 | Construir | Farm |
| 37:37 | Crear | Villager (Male) |
| 38:13 | Crear | Villager (Male) |
| 38:35 | Crear | Villager (Male) |
| 39:15 | Crear | Villager (Male) |
| 39:40 | Crear | Villager (Male) |
| 40:03 | Construir | Farm |
| 40:04 | Construir | Farm |
| 40:45 | Construir | Farm |
| 40:58 | Construir | Mill |
| 41:02 | Construir | Lumber Camp |
| 42:46 | Investigar | Feudal Age |
| 43:35 | Crear | Villager (Male) |
| 44:10 | Construir | Lumber Camp |
| 44:56 | Edad | Edad Feudal |
| 45:33 | Investigar | Wheelbarrow |
| 45:36 | Investigar | Horse Collar |
| 45:37 | Investigar | Double-Bit Axe |
| 49:47 | Construir | Market |
| 51:02 | Construir | Blacksmith |
| 51:22 | Investigar | Castle Age |
| 51:35 | Construir | Farm |
| 51:39 | Construir | Farm |
| 52:03 | Construir | House |
| 52:35 | Construir | House |
| 52:38 | Construir | House |
| 53:27 | Construir | House |
| 53:29 | Construir | House |
| 53:30 | Construir | House |
| 53:44 | Construir | House |
| 53:58 | Construir | House |
| 54:00 | Construir | House |
| 54:02 | Edad | Edad de los Castillos |
| 55:12 | Construir | Monastery |
| 55:48 | Construir | Siege Workshop |
| 56:04 | Investigar | Imperial Age |
| 56:13 | Crear | Mangonel |
| 56:43 | Construir | House |
| 56:58 | Construir | Farm |
| 57:01 | Crear | Mangonel |
| 57:36 | Crear | Mangonel |
| 57:47 | Construir | Farm |
| 58:09 | Crear | Mangonel |
| 58:52 | Investigar | Town Watch |
| 58:52 | Crear | Villager (Male) |
| 59:07 | Construir | Farm |
| 59:14 | Edad | Edad Imperial |
| 59:18 | Investigar | Onager (upgrade) |
| 59:37 | Crear | Villager (Male) |
| 60:17 | Crear | Villager (Male) |
| 60:58 | Crear | Villager (Male) |
| 60:58 | Crear | Villager (Male) |
| 60:59 | Crear | Villager (Male) |
| 61:06 | Construir | Town Center |
| 61:51 | Crear | Villager (Male) |
| 61:51 | Crear | Villager (Male) |
| 61:51 | Crear | Villager (Male) |
| 62:23 | Investigar | Hand Cart |
| 62:24 | Investigar | Loom |
| 62:29 | Crear | Villager (Male) |
| 62:29 | Crear | Villager (Male) |
| 63:07 | Crear | Villager (Male) |
| 63:08 | Crear | Villager (Male) |
| 63:08 | Crear | Villager (Male) |
| 63:34 | Crear | Villager (Male) |
| 63:34 | Crear | Villager (Male) |
| 63:35 | Crear | Villager (Male) |
| 63:48 | Construir | Lumber Camp |
| 63:58 | Construir | Farm |
| 64:23 | Construir | Town Center |
| 64:26 | Construir | Farm |
| 64:27 | Construir | Farm |
| 64:29 | Construir | Farm |
| 64:31 | Construir | Farm |
| 64:33 | Construir | Farm |
| 64:43 | Construir | Farm |
| 64:44 | Construir | Farm |
| 64:46 | Construir | Farm |
| 64:50 | Crear | Villager (Male) |
| 64:50 | Crear | Villager (Male) |
| 64:50 | Crear | Villager (Male) |
| 64:51 | Crear | Villager (Male) |
| 65:50 | Construir | Market |
| 66:17 | Crear | Villager (Male) |
| 66:18 | Crear | Villager (Male) |
| 66:18 | Crear | Villager (Male) |
| 66:19 | Crear | Villager (Male) |
| 66:19 | Crear | Villager (Male) |
| 66:47 | Crear | Villager (Male) |
| 66:48 | Crear | Villager (Male) |
| 66:48 | Crear | Villager (Male) |
| 66:49 | Crear | Villager (Male) |
| 66:49 | Crear | Villager (Male) |
| 66:52 | Crear | Villager (Male) |
| 66:53 | Crear | Villager (Male) |
| 66:53 | Crear | Villager (Male) |
| 66:53 | Crear | Villager (Male) |
| 66:54 | Crear | Villager (Male) |
| 66:54 | Crear | Villager (Male) |
| 66:55 | Crear | Villager (Male) |
| 66:56 | Crear | Villager (Male) |
| 66:56 | Crear | Villager (Male) |
| 67:10 | Construir | Mill |
| 67:23 | Construir | Blacksmith |
| 67:25 | Construir | Blacksmith |
| 68:03 | Crear | Villager (Male) |
| 68:03 | Crear | Villager (Male) |
| 68:03 | Crear | Villager (Male) |
| 68:04 | Crear | Villager (Male) |
| 68:04 | Crear | Villager (Male) |
Build order — Erickcheckm8
15 acciones detectadas en el replay
| 0:11 | Investigar | Loom |
| 5:38 | Construir | Mill |
| 15:59 | Construir | Farm |
| 18:41 | Crear | Villager (Male) |
| 21:18 | Crear | Villager (Male) |
| 23:38 | Crear | Villager (Male) |
| 40:59 | Crear | Villager (Male) |
| 40:59 | Crear | Villager (Male) |
| 41:32 | Construir | Farm |
| 41:40 | Crear | Villager (Male) |
| 41:59 | Construir | Farm |
| 50:11 | Crear | Villager (Male) |
| 50:12 | Crear | Villager (Male) |
| 50:12 | Crear | Villager (Male) |
| 50:48 | Construir | Farm |
Build order — fonsejua
Primeras 150 de 312 acciones detectadas
| 0:05 | Crear | Villager (Male) |
| 0:05 | Crear | Villager (Male) |
| 0:31 | Construir | Palisade Wall |
| 0:58 | Crear | Villager (Male) |
| 1:01 | Crear | Villager (Male) |
| 1:06 | Investigar | Loom |
| 1:27 | Crear | Villager (Male) |
| 1:27 | Crear | Villager (Male) |
| 2:46 | Construir | House |
| 4:35 | Construir | Mill |
| 8:59 | Construir | Farm |
| 9:28 | Construir | House |
| 10:54 | Construir | Farm |
| 12:54 | Crear | Villager (Male) |
| 15:10 | Crear | Villager (Male) |
| 15:47 | Construir | House |
| 16:48 | Construir | House |
| 17:48 | Crear | Villager (Male) |
| 19:17 | Construir | Palisade Wall |
| 20:31 | Construir | Farm |
| 20:35 | Crear | Villager (Male) |
| 20:35 | Crear | Villager (Male) |
| 22:21 | Crear | Villager (Male) |
| 22:22 | Crear | Villager (Male) |
| 23:27 | Crear | Villager (Male) |
| 25:10 | Crear | Villager (Male) |
| 26:12 | Crear | Villager (Male) |
| 26:27 | Construir | Farm |
| 27:21 | Crear | Villager (Male) |
| 28:41 | Construir | House |
| 28:47 | Construir | House |
| 28:58 | Crear | Villager (Male) |
| 29:26 | Crear | Villager (Male) |
| 29:26 | Crear | Villager (Male) |
| 30:43 | Crear | Villager (Male) |
| 30:43 | Crear | Villager (Male) |
| 31:57 | Crear | Villager (Male) |
| 32:45 | Construir | Farm |
| 33:27 | Crear | Villager (Male) |
| 33:33 | Construir | House |
| 34:34 | Crear | Villager (Male) |
| 34:44 | Construir | House |
| 35:41 | Crear | Villager (Male) |
| 35:42 | Crear | Villager (Male) |
| 36:58 | Crear | Villager (Male) |
| 37:35 | Crear | Villager (Male) |
| 38:44 | Construir | House |
| 39:31 | Crear | Villager (Male) |
| 39:31 | Crear | Villager (Male) |
| 40:13 | Crear | Villager (Male) |
| 40:14 | Crear | Villager (Male) |
| 41:15 | Construir | House |
| 41:18 | Crear | Villager (Male) |
| 41:18 | Crear | Villager (Male) |
| 41:50 | Crear | Villager (Male) |
| 43:21 | Construir | Farm |
| 43:25 | Crear | Villager (Male) |
| 43:25 | Crear | Villager (Male) |
| 43:52 | Crear | Villager (Male) |
| 43:52 | Crear | Villager (Male) |
| 44:31 | Construir | House |
| 45:27 | Construir | Barracks |
| 45:49 | Crear | Villager (Male) |
| 45:49 | Crear | Villager (Male) |
| 45:49 | Crear | Villager (Male) |
| 45:59 | Construir | Farm |
| 46:26 | Construir | Lumber Camp |
| 46:38 | Construir | Lumber Camp |
| 47:01 | Construir | Farm |
| 47:08 | Crear | Villager (Male) |
| 47:08 | Crear | Villager (Male) |
| 47:08 | Crear | Villager (Male) |
| 47:08 | Crear | Villager (Male) |
| 47:58 | Crear | Villager (Male) |
| 48:15 | Construir | House |
| 48:31 | Crear | Villager (Male) |
| 48:44 | Construir | House |
| 49:38 | Construir | Mill |
| 49:51 | Crear | Villager (Male) |
| 49:51 | Crear | Villager (Male) |
| 49:52 | Crear | Villager (Male) |
| 50:41 | Construir | Farm |
| 51:19 | Crear | Villager (Male) |
| 51:21 | Crear | Villager (Male) |
| 51:21 | Crear | Villager (Male) |
| 51:46 | Crear | Villager (Male) |
| 51:46 | Crear | Villager (Male) |
| 52:12 | Crear | Villager (Male) |
| 52:59 | Construir | Farm |
| 53:05 | Crear | Villager (Male) |
| 53:05 | Crear | Villager (Male) |
| 53:49 | Construir | Lumber Camp |
| 53:58 | Construir | Lumber Camp |
| 54:25 | Crear | Villager (Male) |
| 54:26 | Crear | Villager (Male) |
| 54:26 | Crear | Villager (Male) |
| 54:27 | Crear | Villager (Male) |
| 56:11 | Construir | House |
| 57:19 | Construir | Farm |
| 57:32 | Construir | Mill |
| 57:56 | Construir | Mill |
| 58:11 | Construir | Farm |
| 58:22 | Construir | Farm |
| 58:37 | Crear | Villager (Male) |
| 58:47 | Investigar | Feudal Age |
| 58:53 | Construir | Farm |
| 59:15 | Construir | Farm |
| 59:23 | Crear | Villager (Male) |
| 59:23 | Crear | Villager (Male) |
| 59:58 | Construir | Farm |
| 60:05 | Edad | Edad Feudal |
| 60:15 | Construir | Blacksmith |
| 61:01 | Construir | Lumber Camp |
| 62:18 | Construir | Market |
| 62:47 | Construir | Lumber Camp |
| 62:51 | Crear | Villager (Male) |
| 62:51 | Crear | Villager (Male) |
| 62:52 | Crear | Villager (Male) |
| 64:24 | Construir | Archery Range |
| 64:54 | Investigar | Castle Age |
| 65:03 | Construir | Lumber Camp |
| 65:10 | Construir | Lumber Camp |
| 65:17 | Investigar | Double-Bit Axe |
| 65:20 | Investigar | Wheelbarrow |
| 66:30 | Edad | Edad de los Castillos |
| 66:50 | Construir | Siege Workshop |
| 66:57 | Construir | University |
| 67:09 | Construir | Monastery |
| 67:39 | Crear | Mangonel |
| 67:40 | Crear | Mangonel |
| 67:40 | Crear | Mangonel |
| 67:47 | Construir | House |
| 67:54 | Construir | House |
| 67:55 | Construir | House |
| 68:11 | Investigar | Imperial Age |
| 68:45 | Construir | Lumber Camp |
| 69:18 | Construir | Lumber Camp |
| 69:58 | Investigar | Bow Saw |
| 70:05 | Edad | Edad Imperial |
| 71:24 | Investigar | Onager (upgrade) |
| 72:18 | Crear | Villager (Male) |
| 72:19 | Crear | Villager (Male) |
| 72:19 | Crear | Villager (Male) |
| 72:19 | Crear | Villager (Male) |
| 72:20 | Crear | Villager (Male) |
| 72:20 | Crear | Villager (Male) |
| 72:21 | Crear | Villager (Male) |
| 72:40 | Construir | Town Center |
| 73:50 | Crear | Villager (Male) |
| 73:51 | Crear | Villager (Male) |
Build order — Tovar086
Primeras 150 de 186 acciones detectadas
| 0:14 | Crear | Villager (Male) |
| 0:14 | Crear | Villager (Male) |
| 0:14 | Crear | Villager (Male) |
| 0:15 | Crear | Villager (Male) |
| 0:15 | Crear | Villager (Male) |
| 3:43 | Construir | House |
| 6:13 | Construir | Mill |
| 11:13 | Construir | Farm |
| 13:39 | Crear | Villager (Male) |
| 13:59 | Construir | House |
| 14:22 | Construir | House |
| 15:28 | Construir | Farm |
| 18:24 | Crear | Villager (Male) |
| 21:23 | Construir | House |
| 23:32 | Crear | Villager (Male) |
| 26:33 | Construir | House |
| 27:08 | Construir | House |
| 27:35 | Crear | Villager (Male) |
| 27:35 | Crear | Villager (Male) |
| 27:47 | Construir | Farm |
| 29:13 | Crear | Villager (Male) |
| 29:13 | Crear | Villager (Male) |
| 30:59 | Crear | Villager (Male) |
| 30:59 | Crear | Villager (Male) |
| 30:59 | Crear | Villager (Male) |
| 32:14 | Crear | Villager (Male) |
| 34:45 | Construir | Farm |
| 34:50 | Construir | Farm |
| 35:00 | Crear | Villager (Male) |
| 35:00 | Crear | Villager (Male) |
| 35:00 | Crear | Villager (Male) |
| 35:07 | Construir | House |
| 35:51 | Construir | Farm |
| 36:25 | Crear | Villager (Male) |
| 38:16 | Crear | Villager (Male) |
| 39:14 | Crear | Villager (Male) |
| 39:14 | Crear | Villager (Male) |
| 40:05 | Construir | House |
| 40:41 | Crear | Villager (Male) |
| 40:41 | Crear | Villager (Male) |
| 40:41 | Crear | Villager (Male) |
| 41:37 | Crear | Villager (Male) |
| 41:37 | Crear | Villager (Male) |
| 41:38 | Crear | Villager (Male) |
| 42:09 | Construir | House |
| 42:26 | Crear | Villager (Male) |
| 42:26 | Crear | Villager (Male) |
| 42:27 | Crear | Villager (Male) |
| 46:00 | Construir | Lumber Camp |
| 46:55 | Construir | Lumber Camp |
| 47:20 | Construir | Lumber Camp |
| 49:37 | Construir | Farm |
| 50:29 | Construir | Lumber Camp |
| 50:44 | Construir | Lumber Camp |
| 51:47 | Construir | Mining Camp |
| 52:16 | Investigar | Feudal Age |
| 52:37 | Construir | Farm |
| 54:26 | Edad | Edad Feudal |
| 54:31 | Crear | Villager (Male) |
| 54:31 | Crear | Villager (Male) |
| 54:32 | Crear | Villager (Male) |
| 54:32 | Crear | Villager (Male) |
| 54:32 | Crear | Villager (Male) |
| 54:33 | Crear | Villager (Male) |
| 55:12 | Crear | Villager (Male) |
| 55:32 | Construir | Market |
| 56:10 | Construir | Blacksmith |
| 58:19 | Construir | Farm |
| 58:22 | Crear | Villager (Male) |
| 58:24 | Crear | Villager (Male) |
| 59:05 | Investigar | Castle Age |
| 59:18 | Construir | Farm |
| 61:45 | Edad | Edad de los Castillos |
| 62:04 | Crear | Villager (Male) |
| 62:04 | Crear | Villager (Male) |
| 62:05 | Crear | Villager (Male) |
| 62:05 | Crear | Villager (Male) |
| 62:05 | Crear | Villager (Male) |
| 62:20 | Construir | House |
| 62:26 | Crear | Villager (Male) |
| 62:58 | Crear | Villager (Male) |
| 62:59 | Crear | Villager (Male) |
| 62:59 | Crear | Villager (Male) |
| 62:59 | Crear | Villager (Male) |
| 64:08 | Construir | Town Center |
| 64:50 | Construir | House |
| 65:04 | Crear | Villager (Male) |
| 65:05 | Crear | Villager (Male) |
| 65:11 | Construir | Farm |
| 65:15 | Crear | Villager (Male) |
| 65:16 | Investigar | Loom |
| 65:18 | Construir | Farm |
| 65:21 | Construir | Farm |
| 65:37 | Crear | Villager (Male) |
| 65:38 | Crear | Villager (Male) |
| 65:38 | Crear | Villager (Male) |
| 65:38 | Crear | Villager (Male) |
| 65:39 | Crear | Villager (Male) |
| 66:23 | Crear | Villager (Male) |
| 66:36 | Crear | Villager (Male) |
| 67:34 | Construir | Lumber Camp |
| 67:47 | Construir | House |
| 67:54 | Crear | Villager (Male) |
| 67:54 | Crear | Villager (Male) |
| 67:54 | Crear | Villager (Male) |
| 68:13 | Construir | Farm |
| 70:04 | Construir | Siege Workshop |
| 70:17 | Construir | Monastery |
| 70:20 | Investigar | Double-Bit Axe |
| 70:57 | Construir | Market |
| 73:34 | Investigar | Imperial Age |
| 74:06 | Construir | Farm |
| 74:33 | Construir | Farm |
| 74:38 | Construir | Farm |
| 74:48 | Construir | Farm |
| 75:11 | Construir | Lumber Camp |
| 76:31 | Construir | Lumber Camp |
| 76:44 | Edad | Edad Imperial |
| 78:02 | Construir | Farm |
| 79:11 | Investigar | Onager (upgrade) |
| 79:48 | Construir | Farm |
| 80:48 | Construir | House |
| 80:51 | Construir | House |
| 80:53 | Construir | House |
| 80:55 | Construir | House |
| 80:58 | Construir | House |
| 81:15 | Crear | Villager (Male) |
| 81:16 | Crear | Villager (Male) |
| 81:16 | Crear | Villager (Male) |
| 81:42 | Construir | Farm |
| 81:50 | Construir | Farm |
| 82:10 | Crear | Mangonel |
| 82:10 | Crear | Mangonel |
| 82:24 | Construir | House |
| 82:26 | Construir | House |
| 82:34 | Crear | Villager (Male) |
| 82:34 | Crear | Villager (Male) |
| 83:42 | Crear | Mangonel |
| 84:00 | Construir | House |
| 84:09 | Construir | House |
| 84:30 | Construir | Lumber Camp |
| 84:39 | Construir | Lumber Camp |
| 84:59 | Construir | Farm |
| 85:08 | Construir | Farm |
| 85:12 | Construir | Farm |
| 86:31 | Crear | Trade Cart |
| 86:31 | Crear | Trade Cart |
| 86:31 | Crear | Trade Cart |
| 86:32 | Crear | Trade Cart |
| 86:32 | Crear | Trade Cart |
Build order — CastleAge
Primeras 150 de 419 acciones detectadas
| 0:10 | Crear | Villager (Male) |
| 0:10 | Crear | Villager (Male) |
| 0:10 | Crear | Villager (Male) |
| 2:21 | Construir | House |
| 2:33 | Crear | Villager (Male) |
| 2:33 | Crear | Villager (Male) |
| 7:14 | Construir | Mill |
| 8:20 | Construir | Farm |
| 9:09 | Construir | House |
| 11:00 | Crear | Villager (Male) |
| 13:14 | Construir | Farm |
| 13:23 | Crear | Villager (Male) |
| 14:41 | Crear | Villager (Male) |
| 15:39 | Construir | House |
| 15:56 | Crear | Villager (Male) |
| 17:15 | Crear | Villager (Male) |
| 18:13 | Crear | Villager (Male) |
| 19:46 | Crear | Villager (Male) |
| 21:46 | Crear | Villager (Male) |
| 21:47 | Crear | Villager (Male) |
| 22:07 | Construir | House |
| 23:00 | Crear | Villager (Male) |
| 24:15 | Crear | Villager (Male) |
| 25:09 | Construir | Farm |
| 25:16 | Construir | House |
| 25:24 | Crear | Villager (Male) |
| 25:46 | Construir | House |
| 26:00 | Crear | Villager (Male) |
| 28:25 | Crear | Villager (Male) |
| 28:25 | Crear | Villager (Male) |
| 29:10 | Crear | Villager (Male) |
| 29:11 | Crear | Villager (Male) |
| 29:52 | Construir | House |
| 30:06 | Crear | Villager (Male) |
| 30:32 | Crear | Villager (Male) |
| 31:32 | Crear | Villager (Male) |
| 32:06 | Construir | Farm |
| 32:13 | Crear | Villager (Male) |
| 32:53 | Crear | Villager (Male) |
| 33:45 | Crear | Villager (Male) |
| 34:01 | Construir | Farm |
| 34:29 | Construir | House |
| 34:56 | Crear | Villager (Male) |
| 34:56 | Crear | Villager (Male) |
| 36:29 | Construir | Lumber Camp |
| 37:03 | Construir | Mill |
| 39:00 | Construir | Farm |
| 39:26 | Investigar | Feudal Age |
| 40:43 | Construir | Farm |
| 41:36 | Edad | Edad Feudal |
| 41:42 | Construir | Farm |
| 43:38 | Construir | Blacksmith |
| 44:01 | Construir | Lumber Camp |
| 44:34 | Construir | Market |
| 45:33 | Investigar | Castle Age |
| 45:41 | Investigar | Double-Bit Axe |
| 45:48 | Construir | Farm |
| 46:19 | Construir | Lumber Camp |
| 48:12 | Construir | Lumber Camp |
| 48:13 | Edad | Edad de los Castillos |
| 49:04 | Construir | Farm |
| 49:14 | Investigar | Wheelbarrow |
| 49:18 | Investigar | Bow Saw |
| 50:17 | Construir | Farm |
| 50:35 | Construir | Farm |
| 52:09 | Investigar | Hand Cart |
| 52:17 | Construir | Farm |
| 52:46 | Construir | Farm |
| 53:52 | Construir | Siege Workshop |
| 54:06 | Construir | Monastery |
| 54:29 | Investigar | Imperial Age |
| 54:51 | Construir | Lumber Camp |
| 54:57 | Construir | House |
| 55:15 | Construir | House |
| 55:18 | Construir | House |
| 55:24 | Construir | House |
| 55:27 | Construir | House |
| 55:49 | Crear | Mangonel |
| 55:55 | Crear | Mangonel |
| 55:56 | Crear | Mangonel |
| 56:27 | Construir | House |
| 56:37 | Construir | House |
| 56:57 | Construir | Lumber Camp |
| 57:39 | Edad | Edad Imperial |
| 57:50 | Investigar | Onager (upgrade) |
| 57:52 | Crear | Mangonel |
| 58:02 | Crear | Villager (Male) |
| 58:03 | Crear | Villager (Male) |
| 58:04 | Crear | Villager (Male) |
| 58:04 | Crear | Villager (Male) |
| 60:21 | Construir | Town Center |
| 60:54 | Crear | Villager (Male) |
| 60:55 | Crear | Villager (Male) |
| 60:55 | Crear | Villager (Male) |
| 60:55 | Crear | Villager (Male) |
| 60:56 | Crear | Villager (Male) |
| 60:56 | Crear | Villager (Male) |
| 61:04 | Construir | Town Center |
| 61:15 | Crear | Villager (Male) |
| 61:16 | Crear | Villager (Male) |
| 61:22 | Crear | Villager (Male) |
| 61:23 | Crear | Villager (Male) |
| 61:23 | Crear | Villager (Male) |
| 62:02 | Construir | Farm |
| 62:02 | Construir | Farm |
| 62:03 | Construir | Farm |
| 62:03 | Construir | Farm |
| 62:03 | Construir | Farm |
| 62:04 | Construir | Farm |
| 62:04 | Construir | Farm |
| 62:04 | Construir | Farm |
| 62:05 | Construir | Farm |
| 62:05 | Construir | Farm |
| 62:05 | Construir | Farm |
| 62:06 | Construir | Farm |
| 62:12 | Crear | Villager (Male) |
| 62:12 | Crear | Villager (Male) |
| 62:16 | Crear | Villager (Male) |
| 62:16 | Crear | Villager (Male) |
| 62:16 | Crear | Villager (Male) |
| 62:17 | Crear | Villager (Male) |
| 62:17 | Crear | Villager (Male) |
| 62:18 | Crear | Villager (Male) |
| 62:18 | Crear | Villager (Male) |
| 62:18 | Crear | Villager (Male) |
| 62:33 | Crear | Villager (Male) |
| 62:33 | Crear | Villager (Male) |
| 62:34 | Crear | Villager (Male) |
| 62:35 | Crear | Villager (Male) |
| 63:04 | Construir | House |
| 63:12 | Construir | House |
| 63:36 | Crear | Villager (Male) |
| 63:36 | Crear | Villager (Male) |
| 63:38 | Crear | Villager (Male) |
| 63:47 | Construir | Mill |
| 63:48 | Construir | Farm |
| 63:48 | Construir | Farm |
| 63:49 | Construir | Farm |
| 63:49 | Construir | Farm |
| 63:49 | Construir | Farm |
| 63:50 | Construir | Farm |
| 63:50 | Construir | Farm |
| 63:50 | Construir | Farm |
| 63:51 | Construir | Farm |
| 63:51 | Construir | Farm |
| 63:57 | Crear | Villager (Male) |
| 63:58 | Crear | Villager (Male) |
| 64:26 | Investigar | Horse Collar |
| 64:29 | Crear | Villager (Male) |
| 64:29 | Crear | Villager (Male) |
Build order — Feid
Primeras 150 de 483 acciones detectadas
| 0:01 | Crear | Villager (Male) ×4 |
| 2:19 | Construir | House |
| 3:05 | Construir | Mill |
| 6:48 | Construir | Farm |
| 7:08 | Construir | Palisade Wall |
| 7:10 | Construir | Palisade Wall |
| 8:32 | Construir | House |
| 9:40 | Crear | Villager (Male) |
| 11:42 | Crear | Villager (Male) |
| 11:42 | Crear | Villager (Male) |
| 12:56 | Construir | Farm |
| 13:52 | Crear | Villager (Male) |
| 15:04 | Construir | House |
| 15:26 | Crear | Villager (Male) |
| 15:27 | Crear | Villager (Male) |
| 16:24 | Crear | Villager (Male) |
| 16:25 | Crear | Villager (Male) |
| 17:28 | Crear | Villager (Male) |
| 17:28 | Crear | Villager (Male) |
| 18:41 | Crear | Villager (Male) |
| 19:51 | Crear | Villager (Male) |
| 19:51 | Crear | Villager (Male) |
| 20:39 | Construir | House |
| 21:02 | Crear | Villager (Male) |
| 22:12 | Crear | Villager (Male) |
| 22:58 | Construir | Farm |
| 23:29 | Crear | Villager (Male) |
| 23:29 | Crear | Villager (Male) |
| 24:41 | Crear | Villager (Male) |
| 24:42 | Crear | Villager (Male) |
| 25:21 | Crear | Villager (Male) |
| 25:51 | Construir | House |
| 26:04 | Crear | Villager (Male) |
| 26:04 | Crear | Villager (Male) |
| 27:00 | Crear | Villager (Male) |
| 27:45 | Crear | Villager (Male) |
| 27:46 | Crear | Villager (Male) |
| 28:45 | Crear | Villager (Male) |
| 29:17 | Construir | Farm |
| 29:23 | Crear | Villager (Male) |
| 31:41 | Construir | Farm |
| 32:07 | Construir | Farm |
| 32:58 | Construir | Lumber Camp |
| 33:04 | Construir | Mill |
| 33:30 | Construir | Farm |
| 34:18 | Construir | Farm |
| 34:30 | Investigar | Feudal Age |
| 36:40 | Edad | Edad Feudal |
| 36:54 | Investigar | Wheelbarrow |
| 37:05 | Construir | Market |
| 37:29 | Construir | Blacksmith |
| 37:35 | Construir | Lumber Camp |
| 38:31 | Investigar | Castle Age |
| 38:44 | Construir | Farm |
| 38:48 | Construir | Farm |
| 38:54 | Construir | Farm |
| 39:07 | Construir | Farm |
| 39:24 | Investigar | Double-Bit Axe |
| 41:11 | Edad | Edad de los Castillos |
| 42:05 | Construir | Farm |
| 43:27 | Construir | Siege Workshop |
| 43:29 | Construir | Monastery |
| 43:43 | Construir | House |
| 43:47 | Construir | House |
| 43:59 | Construir | House |
| 44:05 | Investigar | Imperial Age |
| 44:21 | Construir | Farm |
| 44:49 | Crear | Mangonel |
| 44:54 | Crear | Mangonel |
| 46:11 | Construir | House |
| 46:38 | Construir | Farm |
| 46:50 | Construir | House |
| 47:15 | Edad | Edad Imperial |
| 47:27 | Investigar | Onager (upgrade) |
| 47:48 | Crear | Mangonel |
| 48:21 | Crear | Villager (Male) |
| 48:21 | Crear | Villager (Male) |
| 48:22 | Crear | Villager (Male) |
| 48:55 | Crear | Villager (Male) |
| 49:20 | Crear | Villager (Male) |
| 49:44 | Construir | House |
| 49:54 | Construir | House |
| 50:33 | Crear | Villager (Male) ×5 |
| 50:40 | Construir | Town Center |
| 51:01 | Crear | Villager (Male) |
| 51:12 | Construir | Town Center |
| 52:06 | Construir | Farm |
| 52:06 | Construir | Farm |
| 52:07 | Construir | Farm |
| 52:07 | Construir | Farm |
| 52:07 | Construir | Farm |
| 52:08 | Construir | Farm |
| 52:08 | Construir | Farm |
| 52:08 | Construir | Farm |
| 52:08 | Construir | Farm |
| 52:09 | Construir | Farm |
| 52:09 | Construir | Farm |
| 52:09 | Construir | Farm |
| 52:17 | Construir | House |
| 52:17 | Construir | House |
| 52:18 | Construir | House |
| 52:19 | Construir | House |
| 52:20 | Construir | House |
| 52:53 | Crear | Villager (Male) ×5 |
| 52:55 | Crear | Villager (Male) ×2 |
| 53:32 | Construir | Farm |
| 53:35 | Construir | House |
| 53:36 | Construir | House |
| 53:45 | Construir | Mill |
| 53:46 | Construir | Farm |
| 53:46 | Construir | Farm |
| 53:46 | Construir | Farm |
| 53:46 | Construir | Farm |
| 53:47 | Construir | Farm |
| 53:47 | Construir | Farm |
| 53:47 | Construir | Farm |
| 53:48 | Construir | Farm |
| 53:48 | Construir | Farm |
| 53:48 | Construir | Farm |
| 53:49 | Construir | Farm |
| 53:49 | Construir | Farm |
| 53:49 | Construir | Farm |
| 53:49 | Construir | Farm |
| 53:50 | Construir | Farm |
| 53:50 | Construir | Farm |
| 53:50 | Construir | Farm |
| 53:51 | Construir | Farm |
| 53:51 | Construir | Farm |
| 53:51 | Construir | Farm |
| 54:15 | Crear | Villager (Male) ×5 |
| 54:34 | Crear | Villager (Male) ×4 |
| 55:07 | Crear | Villager (Male) ×4 |
| 55:17 | Construir | Lumber Camp |
| 55:54 | Crear | Villager (Male) ×5 |
| 56:18 | Crear | Villager (Male) ×5 |
| 56:38 | Crear | Villager (Male) ×5 |
| 56:53 | Construir | Farm |
| 56:53 | Construir | Farm |
| 56:53 | Construir | Farm |
| 56:54 | Construir | Farm |
| 56:54 | Construir | Farm |
| 56:54 | Construir | Farm |
| 56:55 | Construir | Farm |
| 56:55 | Construir | Farm |
| 56:55 | Construir | Farm |
| 56:58 | Construir | Mill |
| 57:04 | Investigar | Horse Collar |
| 57:09 | Investigar | Bow Saw |
| 57:16 | Investigar | Hand Cart |
| 58:08 | Crear | Villager (Male) ×5 |
Build order — Kinggz
62 acciones detectadas en el replay
| 0:07 | Crear | Villager (Male) |
| 0:08 | Crear | Villager (Male) |
| 0:08 | Crear | Villager (Male) |
| 0:09 | Crear | Villager (Male) |
| 0:09 | Crear | Villager (Male) |
| 0:52 | Investigar | Loom |
| 1:27 | Crear | Villager (Male) |
| 1:27 | Crear | Villager (Male) |
| 3:39 | Construir | House |
| 4:04 | Crear | Villager (Male) |
| 5:43 | Construir | Lumber Camp |
| 11:49 | Construir | Mill |
| 17:44 | Construir | Farm |
| 19:28 | Construir | Farm |
| 19:56 | Construir | House |
| 20:25 | Crear | Villager (Male) |
| 21:59 | Crear | Villager (Male) |
| 22:53 | Crear | Villager (Male) |
| 23:09 | Construir | House |
| 23:48 | Crear | Villager (Male) |
| 25:13 | Crear | Villager (Male) |
| 26:22 | Crear | Villager (Male) |
| 26:56 | Construir | House |
| 27:38 | Crear | Villager (Male) |
| 29:05 | Crear | Villager (Male) |
| 29:30 | Construir | House |
| 30:16 | Crear | Villager (Male) |
| 31:34 | Crear | Villager (Male) |
| 31:34 | Crear | Villager (Male) |
| 32:43 | Crear | Villager (Male) |
| 32:43 | Crear | Villager (Male) |
| 32:50 | Construir | Farm |
| 33:53 | Crear | Villager (Male) |
| 33:53 | Crear | Villager (Male) |
| 34:35 | Crear | Villager (Male) |
| 35:39 | Crear | Villager (Male) |
| 36:17 | Crear | Villager (Male) |
| 37:12 | Crear | Villager (Male) |
| 37:44 | Construir | House |
| 38:03 | Construir | Farm |
| 38:04 | Crear | Villager (Male) |
| 38:47 | Crear | Villager (Male) |
| 39:23 | Crear | Villager (Male) |
| 39:28 | Construir | Farm |
| 39:59 | Crear | Villager (Male) |
| 40:00 | Crear | Villager (Male) |
| 40:33 | Crear | Villager (Male) |
| 40:59 | Crear | Villager (Male) |
| 41:29 | Crear | Villager (Male) |
| 42:00 | Crear | Villager (Male) |
| 42:06 | Construir | House |
| 42:28 | Crear | Villager (Male) |
| 43:01 | Crear | Villager (Male) |
| 43:01 | Crear | Villager (Male) |
| 43:32 | Crear | Villager (Male) |
| 44:02 | Crear | Villager (Male) |
| 44:02 | Crear | Villager (Male) |
| 45:33 | Construir | Lumber Camp |
| 45:45 | Construir | Mill |
| 47:46 | Construir | Farm |
| 49:43 | Investigar | Feudal Age |
| 49:43 | Investigar | Feudal Age |
Cronología de la partida
| 0:31 | fonsejua · wall_segment Palisade Wall x1 |
| 7:08 | Feid · wall_segment Palisade Wall x1 |
| 7:10 | Feid · wall_segment Palisade Wall x1 |
| 19:17 | fonsejua · wall_segment Palisade Wall x1 |
| 36:40 | Feid · age_up feudal |
| 38:07 | Feid · first_market_sell 500 wood |
| 38:13 | Feid · first_market_buy 100 food |
| 41:11 | Feid · age_up castle |
| 41:36 | CastleAge · age_up feudal |
| 43:27 | Feid · first_building Siege Workshop |
| 43:29 | Feid · first_building Monastery |
| 44:56 | SideTrak · age_up feudal |
| 45:10 | CastleAge · first_market_sell 100 wood |
| 45:27 | fonsejua · first_building Barracks |
| 47:15 | Feid · age_up imperial |
| 47:27 | Brushstroke · age_up feudal |
| 48:13 | CastleAge · age_up castle |
| 50:28 | SideTrak · first_market_sell 500 wood |
| 50:55 | Brushstroke · first_market_sell 100 wood |
| 50:57 | Erickcheckm8 · resign |
| 51:29 | Brushstroke · first_market_buy 100 food |
| 53:52 | CastleAge · first_building Siege Workshop |
| 54:02 | SideTrak · age_up castle |
| 54:06 | CastleAge · first_building Monastery |
| 54:16 | Brushstroke · age_up castle |
| 54:26 | Tovar086 · age_up feudal |
| 54:35 | Brushstroke · first_building Siege Workshop |
| 55:12 | SideTrak · first_building Monastery |
| 55:48 | SideTrak · first_building Siege Workshop |
| 56:16 | Tovar086 · first_market_sell 100 wood |
| 56:39 | Tovar086 · first_market_buy 100 food |
| 57:39 | CastleAge · age_up imperial |
| 57:42 | Brushstroke · first_building Monastery |
| 59:14 | SideTrak · age_up imperial |
| 60:05 | fonsejua · age_up feudal |
| 61:38 | Brushstroke · age_up imperial |
| 61:45 | Tovar086 · age_up castle |
| 63:03 | fonsejua · first_market_sell 100 food |
| 63:36 | fonsejua · first_market_buy 100 food |
| 64:24 | fonsejua · first_building Archery Range |
| 66:30 | fonsejua · age_up castle |
| 66:50 | fonsejua · first_building Siege Workshop |
| 67:09 | fonsejua · first_building Monastery |
| 70:04 | Tovar086 · first_building Siege Workshop |
| 70:05 | fonsejua · age_up imperial |
| 70:17 | Tovar086 · first_building Monastery |
| 75:51 | SideTrak · first_building Barracks |
| 76:44 | Tovar086 · age_up imperial |
| 78:12 | Feid · first_building Castle |
| 78:29 | Feid · first_building Barracks |
| 79:34 | CastleAge · first_building Barracks |
| 80:20 | SideTrak · first_building Archery Range |
| 81:37 | CastleAge · first_market_buy 100 stone |
| 81:42 | SideTrak · first_market_buy 100 stone |
| 82:42 | Brushstroke · first_building Barracks |
| 83:00 | SideTrak · first_building Stable |
| 83:46 | Feid · first_building Stable |
| 83:47 | Feid · first_building Archery Range |
| 84:06 | CastleAge · first_building Castle |
| 85:49 | Feid · tribute_sent a jugador 1 |
| 85:49 | Feid · tribute_sent a jugador 2 |
| 85:49 | Feid · tribute_sent a jugador 3 |
| 85:49 | Feid · tribute_sent a jugador 4 |
| 85:49 | Feid · tribute_sent a jugador 5 |
| 85:49 | Feid · tribute_sent a jugador 6 |
| 85:49 | Feid · tribute_sent a jugador 8 |
| 86:15 | SideTrak · first_building Castle |
| 94:14 | SideTrak · wall_segment Stone Wall x4 |
[ ANÁLISIS IA · 1 CRÉDITO ]
¿Qué pasó realmente en esta partida?
Wolo.gg analiza cada decisión: build order, eco, micro, errores típicos por bracket. Análisis personalizado por WhatsApp o Discord en 30 segundos.
Guía civ
Sicilianos
Perfil
Jugador #10450990